 Dungeon Crawl Stone Soup version bcrawl-1.27.6 (webtiles) character file.

Game seed: 4242579138355258054

90524 DogServant the Magician (level 1, -3/10 HPs)
             Began as a Skeleton Fire Elementalist on Oct 13, 2020.
             Killed from afar by a dart slug (4 damage)
             ... with a slug dart
             ... on level 1 of the Dungeon.
             The game lasted 00:00:29 (112 turns).

DogServant the Magician (Skeleton Fire Elementalist) Turns: 112, Time: 00:00:30

Health: -3/10      AC:  2    Str: 14    XL:     1   Next: 75%
Magic:  0/4        EV: 12    Int: 13    God:
Gold:   0          SH:  0    Dex:  9    Spells: 5/6 levels left

rFire    . . .     SeeInvis .     - Fists (3.3)
rCold    + . .     Gourm    .   (no shield)
rNeg     + + +     Faith    .   a - +0 robe
rPois    ∞         Spirit   +   (no helmet)
rElec    .         Reflect  .   (no cloak)
rCorr    .         Harm     .   (no gloves)
MR       .....                  (no boots)
Stlth    ++........             (no amulet)
HPRegen  0.03/turn              (no ring)
MPRegen  0.09/turn              (no ring)

@: no status effects
A: no food or potions, cold resistance 1, deterioration 1, negative energy
resistance 3, torment resistance, unbreathing, magic shield, sturdy frame 1,
spell healing
a: no special abilities


You were on level 1 of the Dungeon.
You were not hungry.

You visited 1 branch of the dungeon, and saw 1 of its levels.

Inventory:

Missiles
 c - 232 stones (quivered)
Armour
 a - a +0 robe (worn)


   Skills:
 - Level 2.0 Dodging
 - Level 2.4 Stealth
 + Level 3.2 Spellcasting
 + Level 1.6 Conjurations
 + Level 3.1 Fire Magic


You had 5 spell levels left.
You knew the following spells:

 Your Spells              Type           Power        Failure   Level  Hunger
a - Flame Tongue          Conj/Fire      #....        9%          1    N/A

Your spell library contained the following spells:

 Spells                   Type           Power        Failure   Level  Hunger
 Flaming Arrows           Chrm/Fire      #.......     19%         2    N/A
 Conjure Flame            Conj/Fire      #.......     26%         3    N/A
 Inner Flame              Hex/Fire       N/A          34%         3    N/A
 Sticky Flame             Conj/Fire      #.......     63%         4    N/A
 Fireball                 Conj/Fire      #.........   93%         5    N/A

Dungeon Overview and Level Annotations

Branches:
Dungeon (1/12)

Altars:


Innate Abilities, Weirdness & Mutations

You do not eat or drink.
You are immune to poison.
Your flesh is cold resistant. (rC+)
Your body sometimes deteriorates upon taking damage.
You are immune to negative energy. (rN+++)
You are immune to unholy pain and torment.
You can survive without breathing.
When hurt, damage is shared between your health and your magic reserves.
Your movements are slightly less encumbered by armour. (ER -2)
Casting spells heals you.


Message History

Aim: a bat The flame tongue hits the bat.
You kill the bat!
Casting: Flame Tongue (safe; 9% risk of failure)
Confirm with . or Enter, or press ? or * to list all spells.
You don't have enough magic to cast that spell.
You hit the dart slug.
The dart slug is lightly wounded.
The dart slug bites you.
You hit the dart slug.
The dart slug is moderately wounded.
The dart slug bites you. The dart slug launches a dart at you.
The slug dart hits you.
Ouch! That really hurt!
* * * LOW HITPOINT WARNING * * *
You see here a scroll labeled COHYOKH NICI.
The dart slug launches a dart at you. The slug dart hits you.
You die...

.....# #####.# .....#
.#....# ..#### (....##
^..#### ...... #.....# #
## #†..# ##.##.####...
#†..##... #.#
......#######w.......
#.###..##.........####...
##.....#####....@..#
..%......).........#
############.......#
#.......# #.......#
#.......# #.......#
#########


You could see a dart slug.

Vanquished Creatures
  A bat (D:1)
  A giant cockroach (D:1)
  A goblin (D:1)
  A quokka (D:1)
  A rat (D:1)
5 creatures vanquished.

Notes
Turn   | Place    | Note
-------+----------+-------------------------------------------
     0 | D:1      | DogServant the Skeleton Fire Elementalist began the quest
                  | for the Orb.
     0 | D:1      | Reached XP level 1. HP: 10/10 MP: 4/4
     2 | D:1      | Noticed a halfling
     2 | D:1      | Noticed a naga
     6 | D:1      | Noticed a ghoul
     6 | D:1      | Noticed a vine stalker
     8 | D:1      | Noticed an elf
     8 | D:1      | Noticed an octopode
    10 | D:1      | Noticed a centaur
    10 | D:1      | Noticed a demonspawn
    12 | D:1      | Noticed a draconian
    14 | D:1      | Noticed a minotaur
    14 | D:1      | Noticed a gargoyle
    16 | D:1      | Noticed a tengu
    16 | D:1      | Noticed a demigod
    18 | D:1      | Noticed a spriggan
    18 | D:1      | Noticed a human
    20 | D:1      | Noticed a felid
    20 | D:1      | Noticed a vampire
    22 | D:1      | Noticed an ogre
    24 | D:1      | Noticed a merfolk
    24 | D:1      | Noticed a dwarf
    26 | D:1      | Noticed a formicid
    26 | D:1      | Noticed a troll
   112 | D:1      | Killed from afar by a dart slug

Action                   || total
-------------------------++-------
Melee: Unarmed           ||     4
 Cast: Flame Tongue      ||     7
Armor: Robe              ||     1
Dodge: Dodged            ||     3
